AoeStats
← danjo

Black Forest

506360715Analyzed
1v1 RM · 20d ago on Sep 13, 2026· 21m 6s· 2 players
Game mode
Random Map
Map size
Tiny (2 player)
Population
200
Speed
Normal
Resources
Standard
Victory
Conquest
Starting age
Dark Age
Ending age
Imperial Age
RankedLock teamsTeams togetherTeam positionsShared explorationLock speedFull tech treeHidden civsTurbo modeCheats
Victory
Defeat
🇩🇪 Malians · Germany
1088
+15
🇬🇧 Spanish · United Kingdom
1058
-15
Bowman937
12:42 Feudal Age
12:50 Man-at-Arms
13:16 Arson
15:25 Wheelbarrow
17:21 Castle Age
15:43 Man-at-Arms
17:04 Double-Bit Axe
17:02 Horse Collar
17:14 Gold Mining
18:50 Arson
danjo
1:02 Loom
11:54 Feudal Age
13:40 Fletching
16:47 Castle Age
15:22 Double-Bit Axe
15:58 Stone Mining
Connection lost

Rejoining the realm…

Still unreachable

The connection could not be restored.

Session expired

The server has moved on; the page needs a fresh start.